 Dungeon Crawl Stone Soup version 0.27.1-3-gb3d3a73c9e (webtiles) character file.

Game seed: 8774445287015068131

133 Descartes the Covert (level 4, -1/23 HPs)
             Began as a Spriggan Delver on Oct 18, 2021.
             Was an Initiate of Gozag.
             Slain by a scorpion zombie (7 damage)
             ... on level 5 of the Dungeon.
             The game lasted 00:01:54 (626 turns).

Descartes the Covert (Spriggan Delver)               Turns: 626, Time: 00:01:55

Health: -1/23      AC:  2    Str:  9    XL:     4   Next: 94%
Magic:  5/5        EV: 18    Int: 11    God:    Gozag
Gold:   15         SH:  0    Dex: 16    Spells: 3/3 levels left

rFire    . . .     SeeInvis +   a - +0 short sword
rCold    . . .     Faith    .   (shield restricted)
rNeg     . . .     Spirit   .   b - +0 robe
rPois    .         Reflect  .   (helmet restricted)
rElec    .         Harm     .   (no cloak)
rCorr    .         Rampage  .   (gloves unavailable)
Will     .....                  (boots unavailable)
Stlth    ++++......             (no amulet)
HPRegen  0.07/turn              (no ring)
MPRegen  0.09/turn              (no ring)

@: very quick
A: very small, no large weapons, unfitting armour, see invisible, speed 3
a: Renounce Religion, Potion Petition, Call Merchant, Bribe Branch


You were on level 5 of the Dungeon.
You worshipped Gozag.
Gozag was noncommittal.
You visited 2 branches of the dungeon, and saw 2 of its levels.

You collected 32 gold pieces.
You paid 17 gold pieces to Gozag.

Inventory:

Hand Weapons
 a - a +0 short sword (weapon)
Armour
 b - a +0 robe (worn)
Wands
 g - a wand of digging (3)
Scrolls
 c - a scroll of fog
 d - a scroll of magic mapping
 e - a scroll of fear
 h - a scroll of amnesia {unknown}
Potions
 f - 2 potions of haste
 i - a potion of berserk rage {unknown}


   Skills:
 - Level 2.4 Fighting
 + Level 3.3 Short Blades
 + Level 4.1 Dodging
 * Level 9.0 Stealth


You had 3 spell levels left.
You didn't know any spells.
Your spell library was empty.

Dungeon Overview and Level Annotations

Branches:
Dungeon (5/15)             Temple (1/1) D:5

Altars:
Ashenzari
Cheibriados
Gozag
Makhleb
Nemelex Xobeh
Okawaru
Trog
Vehumet
Xom


Innate Abilities, Weirdness & Mutations

You are very small and have problems with some larger weapons.
You are too small for most types of armour.
You have supernaturally acute eyesight. (SInv)
You cover ground extremely quickly. (Speed+++)


Message History

The scorpion zombie completely misses you.
You hit the scorpion zombie but do no damage.
The scorpion zombie is moderately damaged.
The scorpion zombie closely misses you.
You hit the scorpion zombie.
The scorpion zombie is heavily damaged.
The scorpion zombie hits you.
You hit the scorpion zombie.
The scorpion zombie is heavily damaged.
The scorpion zombie barely misses you.
You hit the scorpion zombie but do no damage.
The scorpion zombie is heavily damaged.
The scorpion zombie completely misses you.
You hit the scorpion zombie.
The scorpion zombie is severely damaged.
The scorpion zombie barely misses you.
You barely miss the scorpion zombie.
The scorpion zombie is severely damaged.
The scorpion zombie hits you.
You hit the scorpion zombie.
The scorpion zombie is severely damaged.
The scorpion zombie closely misses you.
You hit the scorpion zombie.
The scorpion zombie is severely damaged.
The scorpion zombie misses you.
You hit the scorpion zombie but do no damage.
The scorpion zombie is severely damaged.
The scorpion zombie misses you.
You barely miss the scorpion zombie.
The scorpion zombie is severely damaged.
The scorpion zombie completely misses you.
You hit the scorpion zombie.
The scorpion zombie is severely damaged.
The scorpion zombie hits you.
* * * LOW HITPOINT WARNING * * *
You barely miss the scorpion zombie.
The scorpion zombie is severely damaged.
The scorpion zombie hits you!
You die...
Your body crumbles into a pile of gold.

#............#....#..#........
#.....##.#.#...#..)..#.##..###
####.....#.#.>.#.##...........
##..#.............#<#.#.###
....#....#.#.#...####...#
.......##.#.#.#.#.# ###
....#...........#.## ...
#.#.#.##Z#.....#
.#.#...@#.##..#
..............#
..#.###.......# ## #>#
#.......# .#
#.#####.....####.###
#................§.##
###....####.#..#..P§#
#....####.#..§§§..#
#....'....#..§§§P


You could see a scorpion zombie.

Vanquished Creatures
  An ogre (D:5)
  A centaur zombie (D:5)
  An iguana (D:5)
3 creatures vanquished.

Notes
Turn   | Place    | Note
-------+----------+-------------------------------------------
     0 | D:5      | Descartes the Spriggan Delver began the quest for the Orb.
     0 | D:5      | Reached XP level 1. HP: 11/11 MP: 2/2
    19 | D:5      | Found a staircase to the Ecumenical Temple.
    26 | Temple   | Entered the Ecumenical Temple
   156 | D:5      | Noticed an ogre
   163 | D:5      | Killed an ogre
   164 | D:5      | Reached skill level 8 in Stealth
   164 | D:5      | Reached XP level 2. HP: 16/16 MP: 3/3
   164 | D:5      | Reached XP level 3. HP: 19/19 MP: 4/4
   164 | D:5      | Reached XP level 4. HP: 23/23 MP: 5/5
   198 | Temple   | Became a worshipper of Gozag Ym Sagoz the Greedy
   305 | D:5      | Reached skill level 9 in Stealth
   626 | D:5      | Slain by a scorpion zombie

Illustrated notes

Levels and vault maps discovered:
D:5:      minmay_diamond_boxcup, layout_basic,
          mainiacjoe_overflow_six_doors_small, minmay_temple_entry_ruins,
          serial_undead, serial_undead_b, serial_undead_b, serial_undead_f,
          serial_undead_a
Temple:   nicolae_temple_figure_zero

Skill      XL: |  1  2  3  4 |
---------------+-------------+-----
Short Blades   | 3 |  3.3
Dodging        | 3 4 |  4.1
Stealth        | 8 9 |  9.0
Fighting       | |  2.4

Action                   |  1- 3 |  4- 6 || total
-------------------------+-------+-------++-------
Melee: Short sword       |     1 |    50 ||    51
 Stab: Sleeping          |     1 |     1 ||     2
Armor: Robe              |       |     8 ||     8
Dodge: Dodged            |       |    54 ||    54
